 Dungeon Crawl Stone Soup version 0.24-a0-537-g2d01d4ab0a (webtiles) character file.

Game seed: 11289798519758538746

12037 Arang the Quickloader (level 12, -20/96 HPs)
             Began as a Formicid Arcane Marksman on Aug 15, 2019.
             Was a High Priest of Okawaru.
             Killed from afar by a raiju (21 damage)
             ... with a living lightning
             ... on level 2 of the Abyss.
             The game lasted 01:20:03 (19468 turns).

Arang the Quickloader (Formicid Arcane Marksman)   Turns: 19468, Time: 01:20:04

Health: -20/96     AC: 18    Str: 27    XL:     12   Next: 15%
Magic:  13/15      EV: 11    Int: 14    God:    Okawaru [*****.]
Gold:   358        SH:  0    Dex: 11    Spells: 11/13 levels left

rFire    . . .     SeeInvis +   a - +3 arbalest (freeze)
rCold    + . .     Gourm    .   (no shield)
rNeg     . . .     Faith    .   J - +3 chain mail {rC+}
rPois    +         Spirit   .   (helmet unavailable)
rElec    .         Reflect  .   (no cloak)
rCorr    .         Harm     .   G - +1 pair of gloves
MR       +....                  (no boots)
Stlth    ..........             (no amulet)
HPRegen  0.26/turn              B - ring of poison resistance
MPRegen  0.14/turn              c - +3 ring of strength

@: mighty, heroism, drained
A: permanent stasis, dig shafts and tunnels, four strong arms, antennae 3
a: Dig, Shaft Self, Heroism, Finesse, Renounce Religion


You were on level 2 of the Abyss.
You worshipped Okawaru.
Okawaru was extremely pleased with you.
You were not hungry.

You visited 1 branch of the dungeon, and saw 12 of its levels.
You visited the Abyss 1 time.
You also visited: Bailey.

You collected 386 gold pieces.
You spent 28 gold pieces at shops.

Inventory:

Hand Weapons
 a - a +3 arbalest of freezing (weapon)
 b - a +0 fustibalus
 e - a +1 war axe of chopping
 r - a +0 club
 w - a +2 flail of crushing
 I - a +0 hand axe of flaming
 L - a +0 hand crossbow
Missiles
 d - 50 bolts (quivered)
 l - 2 curare-tipped darts
 m - 6 throwing nets
 o - 234 stones
 s - 9 javelins
 x - 109 sling bullets
 D - 6 poisoned darts
Armour
 g - a +0 chain mail of fire resistance
 G - a +1 pair of gloves (worn)
 J - a +3 chain mail of cold resistance (worn)
Jewellery
 c - a +3 ring of strength (right hand)
 q - an uncursed ring of fire
 u - an uncursed ring of flight
 B - a ring of poison resistance (left hand)
Wands
 h - a wand of digging (7)
 i - a wand of enslavement (6)
 j - a wand of clouds (5)
 y - a wand of paralysis (8)
 A - a wand of flame (20)
 E - a wand of polymorph (7)
Scrolls
 n - 2 scrolls of remove curse
 p - a scroll of amnesia
 t - 2 scrolls of fear
 K - a scroll of silence
Potions
 k - 2 potions of cancellation
 C - a potion of heal wounds
 F - a potion of brilliance
 H - a potion of might
Comestibles
 f - 15 rations


   Skills:
 - Level 9.4(13.3) Fighting
 - Level 2.5(6.6) Axes
 - Level 9.1(13.1) Slings
 * Level 10.4(14.4) Crossbows
 - Level 9.0(13.0) Armour
 - Level 1.7(5.9) Dodging
 - Level 1.1(0.3) Spellcasting
 - Level 3.6(2.8) Hexes
 * Level 4.4(3.6) Invocations
 - Level 2.8(2.1) Evocations


You had 11 spell levels left.
You knew the following spells:

 Your Spells              Type           Power        Failure   Level  Hunger
b - Slow                  Hex            #.......     45%         2    ###....

Your spell library contained the following spells:

 Spells                   Type           Power        Failure   Level  Hunger
 Corona                   Hex            #......      34%         1    ##.....
 Inner Flame              Hex/Fire       #.......     88%         3    ####...
 Portal Projectile        Hex/Tloc       #.....       88%         3    ####...
 Cause Fear               Hex            #.........   98%         4    #####..
 Leda's Liquefaction      Hex/Erth       #.........   99%         4    #####..


Dungeon Overview and Level Annotations

Branches:
Dungeon (12/15)            Temple (0/1) D:7            Lair (0/6) D:9
    Orc (0/2) D:9

Altars:
Ashenzari
Dithmenos
Fedhas
Okawaru
Sif Muna
Vehumet
Wu Jian
Yredelemnul

Shops:
D:4 ?   D:6 :

Annotations:
D:2 exclusion: 2 downstairs
D:4 exclusion: downstairs
D:5 exclusion: downstairs, Pikel
D:6 exclusion: downstairs
D:10 Erolcha


Innate Abilities, Weirdness & Mutations

You cannot be hasted, slowed, berserked, paralysed or teleported.
You can dig through walls and to a lower floor.
Your four strong arms can wield two-handed weapons with a shield.
You have a pair of large antennae on your head. (SInv)


Message History

Aim: a raiju You shoot a bolt.
The bolt misses the raiju.
The wight hits you with a cursed +0 long sword.
* * * LOW HITPOINT WARNING * * *
You feel drained.
* * * LOW HITPOINT WARNING * * *
The wight misses you. The raiju barely misses you.
Firing (i - inventory. (/) - cycle)
d - 51 bolts (quivered)
Press: ? - help, Shift-Dir - straight line, f/p - raiju
Aim: a raiju You shoot a bolt.
The bolt hits the raiju!!
The bolt freezes the raiju!
The raiju is almost dead.
The wight barely misses you.
The raiju bursts into living lightning!
The living lightning hits you!!
* * * LOW HITPOINT WARNING * * *
The living lightning hits the wight! x2
The wight is destroyed!
The living lightning hits you!!
You die...

{ ###
##)#
##.@#
#zzh##
#5#.#
{
#X###.
{ w#{
. .
...{
#. #
((..#
# #
.....


You could see a tentacled starspawn, a raiju, a starspawn tentacle, 2 wights and
an ufetubus.

Vanquished Creatures
  An ugly thing (D:8)
  4 centaur zombies
  Grinder (D:5)
  2 trolls (D:9)
  3 hippogriffs
  4 hogs (D:8)
  11 yaks
  6 humans
  A fire bat (Abyss:2)
  Eustachio (D:6)
  A wyvern (D:10)
  A hungry ghost (D:11)
  Menkaure (D:5)
  3 orc warriors
  4 slaves (D:5)
  4 ogres
  An eye of draining (D:10)
  2 ice beasts
  3 sky beasts
  A black bear (D:8)
  2 phantoms
  A necrophage (D:10)
  6 centaurs
  2 big kobolds
  8 bullfrogs
  9 gnoll sergeants
  A small abomination (Abyss:2)
  2 scorpions
  8 killer bees
  10 wights
  A howler monkey (D:11)
  5 crimson imps
  8 hounds
  A quasit (D:7)
  An iron imp (Abyss:2)
  2 bullfrog zombies
  A centaur skeleton (D:9)
  7 gnoll shamans
  A bullfrog skeleton (D:6)
  3 jellies
  10 orc priests
  15 orc wizards
  2 iguanas
  6 worker ants
  3 hound skeletons
  24 gnolls
  3 howler monkey zombies
  15 adders
  2 shadow imps
  An ooze (D:6)
  3 worms
  A dart slug (D:2)
  7 leopard geckos
  46 orcs
  10 bats
  4 giant cockroaches
  8 goblins
  9 hobgoblins
  12 jackals
  7 quokkas
  A ball python (D:2)
  3 frilled lizards
  16 kobolds
  2 leopard gecko skeletons (D:4)
  A quokka skeleton (D:8)
  15 rats
360 creatures vanquished.

Vanquished Creatures (others)
  A wight (Abyss:2)
1 creature vanquished.

Grand Total: 361 creatures vanquished

Notes
Turn   | Place    | Note
-------+----------+-------------------------------------------
     0 | D:1      | Arang the Formicid Arcane Marksman began the quest for the
                  | Orb.
     0 | D:1      | Reached XP level 1. HP: 15/15 MP: 2/2
   360 | D:1      | Reached XP level 2. HP: 21/21 MP: 3/3
   378 | D:1      | Learned a level 2 spell: Slow
   819 | D:1      | Reached skill level 3 in Crossbows
  1183 | D:1      | Reached XP level 3. HP: 21/26 MP: 4/4
  2029 | D:2      | Reached XP level 4. HP: 33/33 MP: 3/5
  2594 | D:2      | Found an iron altar of Okawaru.
  2634 | D:2      | Became a worshipper of Warmaster Okawaru
  3486 | D:3      | Reached XP level 5. HP: 36/39 MP: 6/6
  3565 | D:3      | Reached skill level 1 in Slings
  3789 | D:3      | Noticed an ogre
  4566 | D:3      | Killed an ogre
  4566 | D:3      | Reached skill level 4 in Crossbows
  4566 | D:3      | Reached skill level 1 in Armour
  4566 | D:3      | Reached XP level 6. HP: 44/47 MP: 7/7
  4767 | D:4      | Found Ishiov's Magic Scroll Emporium.
  4772 | D:4      | Bought a scroll of identify for 28 gold pieces
  5143 | D:4      | Reached XP level 7. HP: 52/52 MP: 8/8
  5779 | D:5      | Entered Level 5 of the Dungeon
  5781 | D:5      | Noticed Menkaure
  5786 | D:5      | Killed Menkaure
  5786 | D:5      | Reached * piety under Okawaru
  5949 | D:5      | Found a blossoming altar of Fedhas.
  6087 | D:5      | Reached skill level 5 in Slings
  6089 | D:5      | Reached XP level 8. HP: 59/60 MP: 9/9
  6933 | D:5      | Noticed Grinder
  6947 | D:5      | Killed Grinder
  6947 | D:5      | Reached skill level 5 in Crossbows
  7070 | D:5      | Reached ** piety under Okawaru
  7585 | D:6      | Noticed Eustachio
  7598 | D:6      | Killed Eustachio
  7598 | D:6      | Reached XP level 9. HP: 58/67 MP: 8/10
  7599 | D:6      | Noticed Pikel
  8133 | D:6      | Reached skill level 5 in Fighting
  8133 | D:6      | Reached skill level 5 in Armour
  8427 | D:6      | Reached skill level 6 in Crossbows
  8840 | D:6      | Found Bimamit's Book Shop.
  9028 | D:7      | Reached skill level 1 in Invocations
  9592 | D:6      | Reached *** piety under Okawaru
  9621 | D:6      | Reached XP level 10. HP: 59/76 MP: 11/11
  9977 | D:7      | Reached skill level 7 in Crossbows
 10615 | D:7      | Found a staircase to the Ecumenical Temple.
 11397 | D:8      | Noticed a white ugly thing
 11403 | D:8      | You fall into a shaft and drop 3 floors!
 11620 | D:10     | Entered Level 10 of the Dungeon
 11717 | D:11     | Noticed a two-headed ogre
 11762 | D:10     | You fall into a shaft and drop 2 floors!
 12522 | D:11     | Reached **** piety under Okawaru
 12522 | D:11     | Reached skill level 8 in Crossbows
 13036 | D:9      | Found a flagged portal.
 13058 | Bailey   | Entered a bailey
 13466 | Bailey   | Reached XP level 11. HP: 31/83 MP: 11/14
 14609 | D:8      | Identified the cursed +0 short sword "Bootigeutu" {freeze,
                  | rN+ Dex+5}
 14637 | D:9      | Reached skill level 9 in Crossbows
 14828 | D:9      | Found a staircase to the Orcish Mines.
 15487 | D:8      | Found a shimmering blue altar of Sif Muna.
 15493 | D:8      | Found a shattered altar of Ashenzari.
 15507 | D:8      | Found a radiant altar of Vehumet.
 15545 | D:8      | Found a shadowy altar of Dithmenos.
 15948 | D:8      | Killed a white ugly thing
 16896 | D:8      | Reached ***** piety under Okawaru
 16905 | D:8      | Reached skill level 1 in Axes
 17017 | D:8      | Reached skill level 1 in Evocations
 17215 | D:8      | Found an ornate altar of the Wu Jian Council.
 17215 | D:8      | Found a basalt altar of Yredelemnul.
 17343 | D:8      | Received a gift from Okawaru
 17476 | D:9      | Reached skill level 10 in Crossbows
 17555 | D:9      | Found a staircase to the Lair.
 17595 | D:9      | Received a gift from Okawaru
 17615 | D:9      | Reached XP level 12. HP: 32/95 MP: 15/15
 19133 | D:10     | Noticed Erolcha
 19144 | D:10     | Cast into level 2 of the Abyss (Erolcha)
 19463 | Abyss:2  | Noticed a tentacled starspawn
 19468 | Abyss:2  | HP: 1/96 [raiju/living lightning (22)]
 19468 | Abyss:2  | Killed from afar by a raiju

Levels and vault maps discovered:
D:1:      dpeg_arrival_snail, layout_loops_ring,
          hangedman_abyss_or_decor_lesser_grid
D:2:      minmay_razor_zed, layout_loops_ring, serial_glass, glass_columns_b,
          glass_columns_c, okawaru_metal_pillars_1_2
D:3:      layout_basic, minmay_misc_feat_roman
D:4:      layout_loops_cross, serial_shops, shop_fountains, fountainhead
D:5:      wander_river, layout_basic, first_ration, fedhas_ov_isle_minmay,
          uniq_menkaure, uniq_grinder
D:6:      layout_loops_ring, serial_shops, shop, uniq_eustachio, uniq_pikel
D:7:      layout_gridville, minmay_temple_entry_large_hall, minmay_ruffians
D:8:      layout_basic, grunt_temple_overflow_cloverleaf,
          gammafunk_temple_overflow_elements, grunt_livestock, bh_walls_and_bars
D:9:      layout_gridville, dpeg_oklobed_lair, orc_0_dummy, enter_bailey_1
D:10:     layout_rooms, uniq_erolcha
D:11:     layout_roguey, minmay_misc_feat_encased
D:12:     layout_grid_maze, minmay_lindwurm_lava, uniq_kirke
Abyss:2

Skill      XL: |  1  2  3  4  5  6  7  8  9 10 11 |
---------------+----------------------------------+-----
Crossbows      | 3 4 5 6 8 10 | 10.4
Fighting       | 2 3 4 5 6 9 |  9.4
Slings         | 2 3 5 6 8 9 |  9.1
Armour         | 1 2 3 4 6 7 9 |  9.0
Invocations    | 2 4 |  4.4
Axes           | 2 |  2.5
Evocations     | 2 |  2.8
Dodging        | |  1.7
Spellcasting   | |  1.1
Hexes          | |  3.6

Action                   |  1- 3 |  4- 6 |  7- 9 | 10-12 || total
-------------------------+-------+-------+-------+-------++-------
Melee: Club              |   111 |    24 |       |       ||   135
 Fire: Hand crossbow     |     9 |    33 |    70 |   216 ||   328
       Fustibalus        |       |   152 |   397 |   765 ||  1314
       Arbalest          |       |       |       |    15 ||    15
Throw: Stone             |    23 |       |       |       ||    23
       Dart              |       |    18 |    33 |    19 ||    70
       Javelin           |       |       |     4 |    29 ||    33
 Cast: Slow              |     7 |       |       |       ||     7
       Corona            |     6 |     6 |       |       ||    12
Invok: Heroism           |       |       |     6 |    15 ||    21
 Abil: Dig               |       |       |     2 |     2 ||     4
       Shaft Self        |       |       |       |     2 ||     2
Evoke: Wand              |       |       |       |     2 ||     2
       Sack of spiders   |       |       |       |     1 ||     1
  Use: Scroll            |       |     3 |     2 |    16 ||    21
       Potion            |       |       |       |     8 ||     8
 Stab: Sleeping          |     1 |       |       |       ||     1
  Eat: Chunk             |     5 |    10 |    10 |    23 ||    48
       Ration            |       |       |     1 |     4 ||     5
Armor: Robe              |    26 |     6 |       |       ||    32
       Plate armour      |       |    63 |   233 |    77 ||   373
       Chain mail        |       |       |       |   342 ||   342
       Skin              |       |       |       |     7 ||     7
Dodge: Dodged            |    83 |    41 |   104 |   342 ||   570

Table legend:
 A = Non-vault XP
 B = Vault XP
 C = Vault XP percentage of total XP
 D = Non-vault monster count
 E = Vault monster count
 F = Vault count percentage of total count
                 A         B        C        D         E       F
            +---------+---------+-------+---------+---------+-------
      Total |   13343 |    3854 |  22.4 |     300 |      56 |  15.7
            +---------+---------+-------+---------+---------+-------
        D:1 |      40 |       0 |   0.0 |      27 |       0 |   0.0
        D:2 |      39 |      39 |  50.0 |      17 |      13 |  43.3
        D:3 |     161 |       0 |   0.0 |      17 |       0 |   0.0
        D:4 |     379 |       0 |   0.0 |      25 |       0 |   0.0
        D:5 |     615 |     458 |  42.7 |      24 |       2 |   7.7
        D:6 |    1011 |     196 |  16.2 |      25 |       1 |   3.8
        D:7 |    1108 |     965 |  46.6 |      33 |       5 |  13.2
        D:8 |    3195 |    1001 |  23.9 |      45 |       5 |  10.0
        D:9 |    4121 |       0 |   0.0 |      54 |       0 |   0.0
       D:10 |     980 |       0 |   0.0 |      13 |       0 |   0.0
       D:11 |    1377 |       0 |   0.0 |      17 |       0 |   0.0
    Abyss:2 |     317 |       0 |   0.0 |       3 |       0 |   0.0
     Bailey |       0 |    1195 | 100.0 |       0 |      30 | 100.0
            +---------+---------+-------+---------+---------+-------
